 Dungeon Crawl Stone Soup version 0.23-a0-650-ga4d50d4d25 (webtiles) character file.

127 Napalmbreeze the Charmwright (level 5, -1/43 HPs)
             Began as a Gnoll Skald on Jan 3, 2019.
             Killed from afar by Sigmund (9 damage)
             ... with a magic dart
             ... on level 2 of the Dungeon.
             The game lasted 00:03:11 (1983 turns).

Napalmbreeze the Charmwright (Gnoll Skald)          Turns: 1983, Time: 00:03:12

Health: -1/43      AC:  5    Str: 18    XL:     5   Next: 11%
Magic:  6/12       EV: 13    Int: 15    God:
Gold:   60         SH:  0    Dex: 14    Spells: 8/14 levels left

rFire    . . .     SeeInvis .   a - +0 spear
rCold    . . .     Gourm    +   (no shield)
rNeg     . . .     Faith    .   p - +0 ring mail
rPois    .         Spirit   .   (no helmet)
rElec    .         Reflect  .   (no cloak)
rCorr    .         Harm     .   (no gloves)
MR       .....                  (no boots)
Stlth    +.........             o - amulet of the gourmand
HPRegen  0.14/turn              m - +3 ring of strength
MPRegen  0.13/turn              (no ring)

@: infused (expiring)
A: distributed training, fangs 1, strong nose
a: no special abilities


You were on level 2 of the Dungeon.
You were not hungry.

You visited 1 branch of the dungeon, and saw 2 of its levels.

You collected 60 gold pieces.

Inventory:

Hand Weapons
 a - a +0 spear (weapon)
Armour
 b - a +0 leather armour
 f - a +0 shield
 p - a +0 ring mail (worn)
Jewellery
 h - an uncursed amulet of rage
 m - a +3 ring of strength (left hand)
 o - an amulet of the gourmand (around neck)
Wands
 q - a wand of flame (21)
Scrolls
 c - 3 scrolls of identify {unknown}
 e - a scroll of teleportation {unknown}
 g - a scroll of fog {unknown}
 j - a scroll of random uselessness {unknown}
 n - a scroll of remove curse {unknown}
Potions
 i - a potion of agility {unknown}
 k - a potion of heal wounds {unknown}
 l - 3 potions of curing {unknown}
Comestibles
 d - 2 rations


   Skills:
 + Level 4.7 Fighting
 + Level 1.3 Short Blades
 + Level 1.3 Long Blades
 + Level 1.3 Axes
 + Level 1.3 Maces & Flails
 + Level 4.7 Polearms
 + Level 1.3 Staves
 + Level 1.3 Slings
 + Level 1.3 Bows
 + Level 1.3 Crossbows
 + Level 1.3 Throwing
 + Level 2.8 Armour
 + Level 4.7 Dodging
 + Level 1.3 Stealth
 + Level 1.3 Shields
 + Level 1.3 Unarmed Combat
 + Level 5.1 Spellcasting
 + Level 1.0 Conjurations
 + Level 1.0 Hexes
 + Level 5.5 Charms
 + Level 1.0 Summonings
 + Level 1.0 Necromancy
 + Level 1.0 Translocations
 + Level 1.0 Transmutations
 + Level 1.0 Fire Magic
 + Level 1.0 Ice Magic
 + Level 1.0 Air Magic
 + Level 1.0 Earth Magic
 + Level 1.0 Poison Magic
 + Level 1.4 Invocations
 + Level 1.3 Evocations


You had 8 spell levels left.
You knew the following spells:

 Your Spells              Type           Power        Failure   Level  Hunger
a - Infusion              Chrm           ###.         3%          1    None
q - Song of Slaying       Chrm           ###.....     4%          2    ##.....
s - Spectral Weapon       Hex/Chrm       ##......     22%         3    ###....

Your spell library contained the following spells:

 Spells                   Type           Power        Failure   Level  Hunger
 Shroud of Golubria       Chrm/Tloc      ##........   11%         2    ##.....
 Regeneration             Chrm/Necr      ##........   22%         3    ###....


Dungeon Overview and Level Annotations

Branches:
Dungeon (2/15)

Altars:

Annotations:
D:2 Sigmund


Innate Abilities, Weirdness & Mutations

Your experience applies equally to all skills.
You have very sharp teeth.
Your uncanny sense of smell can sniff out nearby items.


Message History

Sigmund is severely wounded.
Your spectral weapon hits Sigmund from afar.
Sigmund hits you from afar with a +0 scythe!
* * * LOW HITPOINT WARNING * * *
Attack whom?
Press: ? - help, Dir - move target cursor, f/p - Sigmund
Aim: Sigmund, wielding a +0 scythe and wearing a +0 robe (severely wounded)
You reach to attack!
You hit Sigmund.
Sigmund is almost dead.
Your spectral weapon completely misses Sigmund.
Sigmund mumbles some strange words.
Sigmund flickers and vanishes!
Deactivating autopickup; reactivate with Ctrl-A.
Evoke which item? (* to show all) (? for menu, Esc to quit)
Aiming: Throw Flame
Press: ? - help, Shift-Dir - straight line The puff of flame hits something.
A magic dart appears from out of thin air!
The magic dart hits you!
You die...

#.....#.........รท#.#..
#.....#..........#....
#.....#..........###..
###...#..........+....
#!..+..........####.
#...######........#.
#..{# ####.....#. #...#
###.#... #.(@# #.####
#...###########.....
##............<.....
##################. ##


You could see a friendly spectral +0 spear.

Vanquished Creatures
  Jessica (D:2)
  Natasha (thrice) (D:2)
  2 dart slugs
  5 bats
  2 goblins
  4 hobgoblins (D:1)
  6 kobolds
  2 frilled lizards
  3 rats
28 creatures vanquished.

Notes
Turn   | Place    | Note
-------+----------+-------------------------------------------
     0 | D:1      | Napalmbreeze the Gnoll Skald began the quest for the Orb.
     0 | D:1      | Reached XP level 1. HP: 20/20 MP: 6/6
   222 | D:1      | Reached XP level 2. HP: 17/26 MP: 7/7
   982 | D:2      | Noticed Jessica
  1035 | D:2      | Killed Jessica
  1035 | D:2      | Reached skill level 5 in Spellcasting
  1035 | D:2      | Reached skill level 1 in Invocations
  1035 | D:2      | Reached XP level 3. HP: 23/31 MP: 7/9
  1040 | D:2      | Learned a level 3 spell: Spectral Weapon
  1043 | D:2      | Learned a level 2 spell: Song of Slaying
  1186 | D:2      | Noticed Sigmund
  1344 | D:2      | Noticed Natasha
  1348 | D:2      | Killed Natasha
  1348 | D:2      | Reached skill level 1 in Short Blades
  1348 | D:2      | Reached skill level 1 in Long Blades
  1348 | D:2      | Reached skill level 1 in Axes
  1348 | D:2      | Reached skill level 1 in Maces & Flails
  1348 | D:2      | Reached skill level 1 in Staves
  1348 | D:2      | Reached skill level 1 in Slings
  1348 | D:2      | Reached skill level 1 in Bows
  1348 | D:2      | Reached skill level 1 in Crossbows
  1348 | D:2      | Reached skill level 1 in Throwing
  1348 | D:2      | Reached skill level 1 in Stealth
  1348 | D:2      | Reached skill level 1 in Shields
  1348 | D:2      | Reached skill level 1 in Unarmed Combat
  1348 | D:2      | Reached skill level 1 in Evocations
  1348 | D:2      | Reached XP level 4. HP: 38/38 MP: 7/11
  1523 | D:2      | Noticed Natasha
  1542 | D:2      | Killed Natasha
  1542 | D:2      | Reached skill level 1 in Conjurations
  1542 | D:2      | Reached skill level 1 in Hexes
  1542 | D:2      | Reached skill level 1 in Summonings
  1542 | D:2      | Reached skill level 1 in Necromancy
  1542 | D:2      | Reached skill level 1 in Translocations
  1542 | D:2      | Reached skill level 1 in Transmutations
  1542 | D:2      | Reached skill level 1 in Fire Magic
  1542 | D:2      | Reached skill level 1 in Ice Magic
  1542 | D:2      | Reached skill level 1 in Air Magic
  1542 | D:2      | Reached skill level 1 in Earth Magic
  1542 | D:2      | Reached skill level 1 in Poison Magic
  1873 | D:2      | Noticed Natasha
  1884 | D:2      | Killed Natasha
  1884 | D:2      | Reached XP level 5. HP: 27/43 MP: 9/12
  1983 | D:2      | Killed from afar by Sigmund

Vault maps used:
D:1:      shiori_arrival_oz
D:2:      serial_bayou_lagoon_b, uniq_sigmund, uniq_natasha, uniq_jessica

Skill      XL: |  1  2  3  4 |
---------------+-------------+-----
Spellcasting   | 5 |  5.1
Invocations    | 1 |  1.4
Short Blades   | 1 |  1.3
Long Blades    | 1 |  1.3
Axes           | 1 |  1.3
Maces & Flails | 1 |  1.3
Staves         | 1 |  1.3
Slings         | 1 |  1.3
Bows           | 1 |  1.3
Crossbows      | 1 |  1.3
Throwing       | 1 |  1.3
Stealth        | 1 |  1.3
Shields        | 1 |  1.3
Unarmed Combat | 1 |  1.3
Evocations     | 1 |  1.3
Conjurations   | 1 |  1.0
Hexes          | 1 |  1.0
Summonings     | 1 |  1.0
Necromancy     | 1 |  1.0
Translocations | 1 |  1.0
Transmutations | 1 |  1.0
Fire Magic     | 1 |  1.0
Ice Magic      | 1 |  1.0
Air Magic      | 1 |  1.0
Earth Magic    | 1 |  1.0
Poison Magic   | 1 |  1.0
Fighting       | |  4.7
Polearms       | |  4.7
Armour         | |  2.8
Dodging        | |  4.7
Charms         | |  5.5

Action                   |  1- 3 |  4- 6 || total
-------------------------+-------+-------++-------
Melee: Spear             |   102 |    35 ||   137
       Bite              |    10 |     1 ||    11
 Cast: Spectral Weapon   |     1 |     4 ||     5
       Infusion          |       |     1 ||     1
Evoke: Wand              |       |     1 ||     1
 Stab: Sleeping          |     1 |       ||     1
  Eat: Chunk             |     1 |     5 ||     6
Armor: Leather armour    |    11 |       ||    11
       Ring mail         |       |     2 ||     2
Dodge: Dodged            |    46 |    12 ||    58

Table legend:
 A = Non-vault XP
 B = Vault XP
 C = Vault XP percentage of total XP
 D = Non-vault monster count
 E = Vault monster count
 F = Vault count percentage of total count
                 A         B        C        D         E       F
            +---------+---------+-------+---------+---------+-------
      Total |     106 |      76 |  41.8 |      24 |       4 |  14.3
            +---------+---------+-------+---------+---------+-------
        D:1 |      21 |       4 |  16.0 |      12 |       2 |  14.3
        D:2 |      85 |      72 |  45.9 |      12 |       2 |  14.3
            +---------+---------+-------+---------+---------+-------
